Workbook
Name Auxiliar: #REF!
Name Auxiliar: #REF!
Name Auxiliar: #REF!
Name Auxiliar: #REF!
Name CUSTO_VALE_TRANSPORTE: #REF!
Name CUSTO_VALE_TRANSPORTE: #REF!
Name CUSTO_VALE_TRANSPORTE: #REF!
Name ecwece4c: #REF!
Name ecwece4c: #REF!
Name ecwece4c: #REF!
Name MOMB4: '[1]SERVENTE MANUTENCAO'!$I$144
Name MONA1: #REF!
Name MONA1: #REF!
Name MONA1: #REF!
Name MONA1: #REF!
Name MONA2: #REF!
Name MONA2: #REF!
Name MONA2: #REF!
Name MONA3: [2]HIDRAULICO!$I$138
Name MONA4: '[2]SERVENTE (AUX PRODUCAO)'!$I$138
Name MONA5: #REF!
Name MONA5: #REF!
Name MONA5: #REF!
Name MONA5: #REF!
Name MONA6: #REF!
Name MONA6: #REF!
Name MONA6: #REF!
Name MONA7: #REF!
Name MONA7: #REF!
Name MONA7: #REF!
Name MONA8: [2]MECANICO_REFRIGERACAO!$I$138
Name MONB1: #REF!
Name MONB1: #REF!
Name MONB1: #REF!
Name MONB1: #REF!
Name MONB2: #REF!
Name MONB2: #REF!
Name MONB2: #REF!
Name MONB3: [2]HIDRAULICO!$I$144
Name MONB4: '[2]SERVENTE (AUX PRODUCAO)'!$I$144
Name MONB5: #REF!
Name MONB5: #REF!
Name MONB5: #REF!
Name MONB5: #REF!
Name MONB6: #REF!
Name MONB6: #REF!
Name MONB6: #REF!
Name MONB7: #REF!
Name MONB7: #REF!
Name MONB7: #REF!
Name MONB8: [2]MECANICO_REFRIGERACAO!$I$144
Name MONC1: #REF!
Name MONC1: #REF!
Name MONC1: #REF!
Name MONC1: #REF!
Name MONC2: #REF!
Name MONC2: #REF!
Name MONC2: #REF!
Name MONC3: [2]HIDRAULICO!$I$148
Name MONC4: '[2]SERVENTE (AUX PRODUCAO)'!$I$148

Sheet Vigilante 12x36 diurno
A1: PLANILHA DE CUSTOS E FORMAÇÃO DE PREÇOS DE SERVIÇOS CONTINUADOS COM DEDICAÇÃO EXCLUSIVA DE MÃO DE OBRA (ANEXO III - DECRETOS 52.768 de 15.12.2015)
A2: PROCESSO: | C2: 24/1440-0005564-5 | E2: REGIME DE TRIBUTAÇÃO: LUCRO REAL e PRESUMIDO (*)
A3: LICITAÇÃO/EDITAL | E3: ABERTURA:
A5: Cargo/Função: | D5: Vigilante 24h | G5: =IF(D6="12x36","Regime de trabalho:","Quantidade de HORAS/MÊS") -> Regime de trabalho: | I5: =IF(D6="12x36",D6,5*D6) -> 12x36
A6: =IF(D6="12x36","Regime de trabalho:","Regime de trabalho (horas semanais):") -> Regime de trabalho: | D6: 12x36
A7: Convenção Coletiva de Trabalho: | D7: RS000837/2025 | G7: INSALUBRIDADE (10%, 20%, 40%) | I7: Não aplicável
A8: Origem do salário: | D8: CCT
A9: Cidade: | D9: Porto Alegre | G9: PERICULOSIDADE (30%) | I9: 0.3
A10: Salário Normativo | G10: Vlr. do salário e nº de horas correspondentes | H10: 220 | I10: 2105.4
A11: ISS | H11: Alíquota | I11: 0.025
A12: Adicional Troca de Uniforme (somente para postos de vigilantes que preveem pagamento para troca de uniforme na CCT) | G12: CCT | H12: Valor | I12: 1.59
A13: Quantidade de dias trabalhados no mês | I13: 22
A14: Tarifa Transporte | G14: CCT | H14: Vr. Unitário | I14: 5.3
H15: Dias | I15: =I13 -> 22
H16: Desconto | I16: 0.06
A17: Auxílio Alimentação | G17: CCT | H17: Vr. Unitário | I17: 30
H18: Dias | I18: =I13 -> 22
H19: Desconto | I19: 0.2
A20: Auxílio Lanche | G20: CCT | H20: Vr. Unitário | I20: Não aplicável
H21: Dias | I21: Não aplicável
H22: Desconto | I22: Não aplicável
A23: Outros benefícios que refletem na planilha de custos, caso constem na CCT | G23: CCT | H23: Valor mensal | I23: Não aplicável
A24: Adicional de Supervisor (37%) | H24: Porcentagem | I24: Não aplicável
A25: Base de cálculo da insalubridade | H25: Valor | I25: Não aplicável
A26: Quantitativo de horas trabalhadas em feriados no mês (estimado) - Não aplicável para postos 12x36 | H26: Horas por mês | I26: Não aplicável
H27: Acréscimo da hora extra | I27: Não aplicável
A28: Hora Intervalar | H28: Horas por mês | I28: Não aplicável
A29: Sem fornecimento de materiais ou apenas fornecimento de EPIs ou uniformes, utilizar 10%. Com fornecimento de materiais ou equipamentos, utilizar 20%. (Decreto 52.768/2015, alterado pelo Decreto 53.424/2017) | H29: Porcentagem | I29: 0.2
A35: MONTANTE A
A36: I | B36: Remuneração - Grupo I | H36: % | I36: Valor Mensal/unidade de serviço (R$)
A37: 1 | B37: Salário | H37: =I37/$I$48 -> 0.75419417 | I37: =IF(D6="12x36",I10,I10/H10*I5) -> 2105.4
A38: =A37+1 -> 2 | B38: Adicional Periculosidade 30% | H38: =I38/$I$48 -> 0.23076923 | I38: =IF(I9=30%,(I37+I45+I46)*I9,0) -> 644.2128
A39: =A38+1 -> 3 | B39: Adicional Insalubridade 10% (Ver súmula 228 e 139 TST) | H39: =I39/$I$48 -> 0 | I39: =IF(I7=10%,I25*I7,0) -> 0
A40: =A39+1 -> 4 | B40: Adicional Insalubridade 20% (Ver súmula 228 e 139 TST) | H40: =I40/$I$48 -> 0 | I40: =IF(I7=20%,I25*I7,0) -> 0
A41: =A40+1 -> 5 | B41: Adicional Insalubridade 40% (Ver súmula 228 e 139 TST) | H41: =I41/$I$48 -> 0 | I41: =IF(I7=40%,I25*I7,0) -> 0
A42: =A41+1 -> 6 | B42: Adicional de Supervisor (IN 05/2017 MPOG SLTI) | H42: =I42/$I$48 -> 0 | I42: =IF(I24="Não aplicável",0,I37*I24) -> 0
A43: =A42+1 -> 7 | B43: Feriados | H43: =I43/$I$48 -> 0 | I43: =IF(I26="Não aplicável",0,(I37+I38+I39+I40+I41+I42+I47)/I5*I26*(1+I27)) -> 0
A44: =A43+1 -> 8 | B44: DSR = número total das horas extras do mês / número de dias úteis X domingos e feriados do mês X valor da hora extra com acréscimo | H44: =I44/$I$48 -> 0 | I44: =IF(I26="Não aplicável",0,I26/I13*5*(I10/H10*(1+I27))) -> 0
A45: =A44+1 -> 9 | B45: Adicional Troca de Uniforme | H45: =I45/$I$48 -> 0.012530499 | I45: =I12*I13 -> 34.98
A46: =A45+1 -> 10 | B46: Integração RSF (20% sobre Ad.Troca de Uniforme - somente para vigilantes) | H46: =I46/$I$48 -> 0.0025060998 | I46: =I45*20% -> 6.996
A47: =A46+1 -> 11 | B47: =IF(D6="12x36","Para postos 12x36 os feriados são considerados compensados, conforme parágrafo único, Art. 59-A da CLT","Outros") -> Para postos 12x36 os feriados são considerados compensados, conforme parágrafo único, Art. 59-A da CLT | H47: =I47/$I$48 -> 0 | I47: 0
A48: Total de Remuneração | H48: =SUM(H37:H47) -> 1 | I48: =SUM(I37:I47) -> 2791.5888
A57: II | B57: Encargos Sociais - Grupo II: Obrigações Sociais | H57: % | I57: Valor Mensal/unidade de serviço (R$)
A58: 1 | B58: INSS (art. 22, inc. I, Lei nº 8.212/91) | H58: 0.2 | I58: =$I$48*H58 -> 558.31776
A59: 2 | B59: SESI ou SESC (art. 30, Lei nº 8.036/90) | H59: 0.015 | I59: =$I$48*H59 -> 41.873832
A60: 3 | B60: SENAI ou SENAC (Decreto-Lei nº 2.318/86) | H60: 0.01 | I60: =$I$48*H60 -> 27.915888
A61: 4 | B61: INCRA (art. 15I, Lei Complementar nº 011/71) | H61: 0.002 | I61: =$I$48*H61 -> 5.5831776
A62: 5 | B62: SALÁRIO EDUCAÇÃO (art. , inc. I, Decreto nº 87.043/82) | H62: 0.025 | I62: =$I$48*H62 -> 69.78972
A63: 6 | B63: FGTS (art. 15, Lei nº 8.036/90) | H63: 0.08 | I63: =$I$48*H63 -> 223.3271
A64: 7 | B64: SEG. ACIDENTE DO TRABALHO 1%, 2% e 3% (art. 22, inc. II, alíneas "b" e "c", da Lei nº 8.212/91) | H64: 0.03 | I64: =$I$48*H64 -> 83.747664
A65: 8 | B65: SEBRAE (§ 3º, art. 8º, Lei nº 8.029/90) | H65: 0.006 | I65: =$I$48*H65 -> 16.749533
A66: Total do Grupo II | H66: =SUM(H58:H65) -> 0.368 | I66: =SUM(I58:I65) -> 1027.3047
A67: Os percentuais para o SAT podem variar de 0,50% a 6,00% em função do Fator de Acidente Previdenciário (FAP), Decreto nº 6.957/2009
A68: Deverá obrigatoriamente acompanhar a proposta de preços e a planilha de custos e formação de preços a prova do Fator Acidentário de Prevenção – FAP por meio de impressão de consulta ao site do Ministério da Previdência Social (que pode ser obtido no endereço eletrônico http://www2.dataprev.gov.br/fap/fap.htm), independentemente de alteração da alíquota da parcela do Seguro Acidente de Trabalho disposta no Quadro II da referida planilha.
A69: III | B69: Encargos Sociais - Grupo III: Tempo Não Trabalhado | H69: % | I69: Valor Mensal/unidade de serviço (R$)
A70: 1 | B70: FÉRIAS GOZADAS + ADICIONAL DE FÉRIAS | H70: 0.119314 | I70: =$I$48*H70 -> 333.07563
A71: 2 | B71: FALTAS ABONADAS (3) | H71: 0.020485 | I71: =$I$48*H71 -> 57.185697
A72: 3 | B72: FALTAS LEGAIS (4) | H72: 0.012127 | I72: =$I$48*H72 -> 33.853597
A73: 4 | B73: LICENÇA MATERNIDADE | H73: 0.0027250794 | I73: =$I$48*H73 -> 7.6073011
A74: 5 | B74: LICENÇA PATERNIDADE | H74: 0.000476 | I74: =$I$48*H74 -> 1.3287963
A75: 6 | B75: ACIDENTE DE TRABALHO | H75: 0.000442 | I75: =$I$48*H75 -> 1.2338822
A76: 7 | B76: AVISO PRÉVIO TRABALHADO | H76: 0.000185 | I76: =$I$48*H76 -> 0.51644393
A77: 8 | B77: 13º SALÁRIO | H77: 0.09079 | I77: =$I$48*H77 -> 253.44835
A78: Total do Grupo III | H78: =SUM(H70:H77) -> 0.24654408 | I78: =SUM(I70:I77) -> 688.24969
A79: (3) | B79: Faltas Justificadas por Auxílio Doença
A80: (4) | B80: Faltas Legais - Art. 473 CLT
A81: IV | B81: Encargos Sociais - Grupo IV: Indenizações | H81: % | I81: Valor Mensal/unidade de serviço (R$)
A82: 1 | B82: INDENIZAÇÕES | H82: 0.048321 | I82: =$I$48*H82 -> 134.89236
A83: 2 | B83: FGTS SOBRE INDENIZAÇÕES | H83: 0.003511 | I83: =$I$48*H83 -> 9.8012683
A84: 3 | B84: INDENIZAÇÃO COMPENSATÓRIA POR DEMISSÃO SEM JUSTA CAUSA | H84: 0.019328 | I84: =$I$48*H84 -> 53.955828
A85: Total do Grupo IV | H85: =SUM(H82:H84) -> 0.07116 | I85: =SUM(I82:I84) -> 198.64946
A87: V | B87: Encargos Sociais - Grupo V: Incidências | H87: % | I87: Valor Mensal/unidade de serviço (R$)
A88: 1 | B88: INCIDÊNCIA GRUPO II (Obrigações Sociais) X GRUPO III (Tempo Não Trabalhado) | H88: =(H66*H78) -> 0.090728221 | I88: =$I$48*H88 -> 253.27589
A89: Total do Grupo V | H89: =SUM(H88:H88) -> 0.090728221 | I89: =I88 -> 253.27589
A91: TOTAL DOS ENCARGOS SOCIAIS (II + III + IV + V) | H91: =H66+H78+H85+H89 -> 0.7764323 | I91: =I66+I78+I85+I89 -> 2167.4797
A93: VI | B93: Demais custos relativos à Norma Coletiva ou Disposições Legais - Grupo VI | H93: % | I93: Valor Mensal/unidade de serviço (R$)
A94: 1 | B94: Auxílio Alimentação | H94: =I94/$I$48 -> 0.1891396 | I94: =I111 -> 528
A95: 2 | B95: Auxílio Lanche | H95: =I95/$I$48 -> 0 | I95: =I107 -> 0
A96: 3 | B96: Vale-Transporte⁽⁵⁾ | H96: =I96/$I$48 -> 0.038285008 | I96: =I103 -> 106.876
A97: 4 | B97: Adicional Intervalar | H97: =I97/$I$48 -> 0 | I97: =IF(I28="Não aplicável",0,((I10/H10)*1.5*I28)) -> 0
A98: 5 | B98: Outros | H98: =I98/$I$48 -> 0 | I98: =IF(I23="Não aplicável",0,I23) -> 0
A99: Total do Grupo VI | H99: =SUM(H94:H98) -> 0.22742461 | I99: =SUM(I94:I98) -> 634.876
A100: (5) | B100: O valor do vale-transporte pode variar de acordo com o modal fornecido pelo empregador.
A101: MEMÓRIA DE CÁLCULO DO VALE TRANSPORTE
A102: Valor Unitário | C102: Dias de Trabalho | D102: Vale p/dia | E102: Custo total | F102: Base de cálculo | G102: Percentual de desconto | H102: Valor desconto | I102: Custo efetivo
A103: =IF(I14="Não aplicável",0,I14) -> 5.3 | C103: =IF(I15="Não aplicável",0,I15) -> 22 | D103: 2 | E103: =A103*C103*D103 -> 233.2 | F103: =I37 -> 2105.4 | G103: =IF(I16="Não aplicável",0,I16) -> 0.06 | H103: =F103*G103 -> 126.324 | I103: =IF((E103-H103)>0,E103-H103,0) -> 106.876
A105: MEMÓRIA DE CÁLCULO DO VALE LANCHE
A106: Valor Unitário | C106: Dias por mês | D106: Vale p/dia | E106: Custo total | F106: Base de cálculo | G106: Percentual de desconto | H106: Valor desconto | I106: Custo efetivo
A107: =IF(I20="Não aplicável",0,I20) -> 0 | C107: =IF(I21="Não aplicável",0,I21) -> 0 | D107: 1 | E107: =A107*C107*D107 -> 0 | F107: =E107 -> 0 | G107: =IF(I22="Não aplicável",0,I22) -> 0 | H107: =F107*G107 -> 0 | I107: =E107-H107 -> 0
A109: MEMÓRIA DE CÁLCULO DO VALE ALIMENTAÇÃO
A110: Valor Unitário | C110: Dias por mês | D110: Vale p/dia | E110: Custo total | F110: Base de cálculo | G110: Percentual de desconto | H110: =H102 -> Valor desconto | I110: Custo efetivo
A111: =IF(I17="Não aplicável",0,I17) -> 30 | C111: =IF(I18="Não aplicável",0,I18) -> 22 | D111: 1 | E111: =A111*C111*D111 -> 660 | F111: =E111 -> 660 | G111: =IF(I19="Não aplicável",0,I19) -> 0.2 | H111: =F111*G111 -> 132 | I111: =E111-H111 -> 528
A113: TOTAL DO MONTANTE A (I + II + III+ IV + V +VI) | H113: =H48+H91+H99 -> 2.0038569 | I113: =I48+I91+I99 -> 5593.9445
A115: MONTANTE B
A116: I | B116: Despesas Diretas | H116: % | I116: Valor Mensal/unidade de serviço (R$)
A117: 1 | B117: Transporte (6) | H117: =I117/$I$129 -> 0 | I117: 0
A118: 2 | B118: Uniformes/EPI (6a) | H118: =I118/$I$129 -> 0 | I118: =IF(F127=10%,G127,0) -> 0
A119: 3 | B119: Seguro de vida | H119: =I119/$I$129 -> 0 | I119: 0
A120: 4 | B120: Materiais/Equipamentos (7) | H120: =I120/$I$129 -> 0 | I120: 0
A121: 5 | B121: Depreciação de equipamentos (8) | H121: =I121/$I$129 -> 0 | I121: 0
...

Sheet Vigilante noturno 12x36
A1: PLANILHA DE CUSTOS E FORMAÇÃO DE PREÇOS DE SERVIÇOS CONTINUADOS COM DEDICAÇÃO EXCLUSIVA DE MÃO DE OBRA (ANEXO III - DECRETOS 52.768 de 15.12.2015)
A2: PROCESSO: | C2: 24/1440-0005564-5 | E2: REGIME DE TRIBUTAÇÃO: LUCRO REAL e PRESUMIDO (*)
A3: LICITAÇÃO/EDITAL | E3: ABERTURA:
A5: Cargo/Função: | D5: Vigilante 24h noturno | G5: =IF(D6="12x36","Regime de trabalho:","Quantidade de HORAS/MÊS") -> Regime de trabalho: | I5: =IF(D6="12x36",D6,5*D6) -> 12x36
A6: =IF(D6="12x36","Regime de trabalho:","Regime de trabalho (horas semanais):") -> Regime de trabalho: | D6: 12x36
A7: Convenção Coletiva de Trabalho: | D7: RS000837/2025 | G7: INSALUBRIDADE (10%, 20%, 40%) | I7: Não aplicável
A8: Origem do salário: | D8: CCT
A9: Cidade: | D9: Porto Alegre | G9: PERICULOSIDADE (30%) | I9: 0.3
A10: Salário Normativo | G10: Vlr. do salário e nº de horas correspondentes | H10: 220 | I10: 2105.4
A11: ISS | G11: =D9 -> Porto Alegre | H11: Alíquota | I11: 0.025
A12: Adicional Troca de Uniforme (somente para postos de vigilantes que preveem pagamento para troca de uniforme na CCT) | G12: CCT | H12: Valor | I12: 1.59
A13: Quantidade de dias trabalhados no mês | I13: 22
A14: Tarifa Transporte | G14: CCT | H14: Vr. Unitário | I14: 5.3
H15: Dias | I15: =I13 -> 22
H16: Desconto | I16: 0.06
A17: Vale Alimentação | G17: CCT | H17: Vr. Unitário | I17: 30
H18: Dias | I18: =I13 -> 22
H19: Desconto | I19: 0.2
A20: Auxílio Lanche | G20: CCT | H20: Vr. Unitário | I20: Não aplicável
H21: Dias | I21: Não aplicável
H22: Desconto | I22: Não aplicável
A23: Outros benefícios que refletem na planilha de custos, caso constem na CCT | G23: CCT | H23: Valor mensal | I23: Não aplicável
A24: Adicional de Supervisor (37%) | H24: Porcentagem | I24: Não aplicável
A25: Base de cálculo da insalubridade | H25: Valor | I25: Não aplicável
A26: Quantitativo de horas trabalhadas em feriados no mês (estimado) - Não aplicável para postos 12x36 | H26: Horas por mês | I26: Não aplicável
H27: Acréscimo da hora extra | I27: Não aplicável
A28: Hora Intervalar (somente para postos 12x36, quando for o caso) | H28: Horas por mês | I28: 0
A29: Sem fornecimento de materiais ou apenas fornecimento de EPIs ou uniformes, utilizar 10%. Com fornecimento de materiais ou equipamentos, utilizar 20%. (Decreto 52.768/2015, alterado pelo Decreto 53.424/2017) | H29: Porcentagem | I29: 0.2
A30: Adicional Noturno: Horas: [(60/52,5) x Nº de horas noturnas diárias] x Nº de dias trabalhados com hora noturna Valor hora: (vlr. do salário/nº de horas correspondente do salário) x 20% (noturno) | G30: CCT | H30: Nº horas | I30: =((60/52.5)*7)*15 -> 120
H31: Vr. Hora | I31: =I10/H10*20% -> 1.914
A32: Reduzida Noturna Horas Reduzidas: 60/52,5=1,143 x 7h noturnas = 8h noturnas 5h diurnas + 8h noturnas = 13h X 15 dias = 195 horas mensais 195h - 190,67 = 4,33 horas Valor hora: (vlr. do salário/nº de horas correspondente do salário) x 150% (H.Extra) | G32: CCT | H32: Nº horas | I32: =((5+7+1)*15)-190.67 -> 4.33
H33: Vr. Hora | I33: =(I10/H10)*1.5 -> 14.355
A35: MONTANTE A
A36: I | B36: Remuneração - Grupo I | H36: % | I36: Valor Mensal/unidade de serviço (R$)
A37: 1 | B37: Salário | H37: =I37/$I$55 -> 0.63141683 | I37: =IF(D6="12x36",I10,I10/H10*I5) -> 2105.4
A38: =A37+1 -> 2 | B38: Adicional Noturno 20% (Ver súmula 60 TST) | H38: =I38/$I$55 -> 0 | I38: 0
A39: =A38+1 -> 3 | B39: Adicional Periculosidade 30% | H39: =I39/$I$55 -> 0.22470995 | I39: =IF(I9=30%,(I37+I53+I46+I49+I52+I54)*I9,0) -> 749.27417
A40: =A39+1 -> 4 | B40: Adicional Insalubridade 10% (Ver súmula 228 e 139 TST) | H40: =I40/$I$55 -> 0 | I40: =IF(I7=10%,I25*I7,0) -> 0
A41: =A40+1 -> 5 | B41: Adicional Insalubridade 20% (Ver súmula 228 e 139 TST) | H41: =I41/$I$55 -> 0 | I41: =IF(I7=20%,I25*I7,0) -> 0
A42: =A41+1 -> 6 | B42: Adicional Insalubridade 40% (Ver súmula 228 e 139 TST) | H42: =I42/$I$55 -> 0 | I42: =IF(I7=40%,I25*I7,0) -> 0
A43: =A42+1 -> 7 | B43: Adicional de Supervisor (IN 05/2017 MPOG SLTI) | H43: =I43/$I$55 -> 0 | I43: =IF(I24="Não aplicável",0,I37*I24) -> 0
A44: =A43+1 -> 8 | B44: Feriados | H44: =I44/$I$55 -> 0 | I44: =IF(I26="Não aplicável",0,(I37+I38+I39+I40+I41+I42+I43+#REF!)/I5*I26*(1+I27)) -> 0
A45: =A44+1 -> 9 | B45: DSR = número total das horas extras do mês / número de dias úteis X domingos e feriados do mês X valor da hora extra com acréscimo | H45: =I45/$I$55 -> 0 | I45: =IF(I26="Não aplicável",0,I26/I13*5*(I10/H10*(1+I27))) -> 0
A46: =A45+1 -> 10 | B46: Reduzida Noturna | H46: =I46/$I$55 -> 0.018641147 | I46: =I32*I33 -> 62.15715
A47: =A46+1 -> 11 | B47: Adicional de insalubridade sobre Reduzida Noturna | H47: =I47/$I$55 -> 0 | I47: =IF(OR(I7=10%,I7=20%,I7=40%),I46*I7,0) -> 0
A48: =A47+1 -> 12 | B48: Adicional de periculosidade sobre Reduzida Noturna | H48: =I48/$I$55 -> 0.0055923441 | I48: =IF(I9=30%,I46*I9,0) -> 18.647145
A49: =A48+1 -> 13 | B49: Adicional Noturno | H49: =I49/$I$55 -> 0.068881836 | I49: =I30*I31 -> 229.68
A50: =A49+1 -> 14 | B50: Adicional de insalubridade sobre o Adicional Noturno | H50: =I50/$I$55 -> 0 | I50: =IF(OR(I7=10%,I7=20%,I7=40%),I49*I7,0) -> 0
A51: =A50+1 -> 15 | B51: Adicional de periculosidade sobre o Adicional Noturno | H51: =I51/$I$55 -> 0.020664551 | I51: =IF(I9=30%,I49*I9,0) -> 68.904
A52: =A51+1 -> 16 | B52: Integração RSRF (20%) sobre H. Extra Red. Noturna e Adic Noturno = [Reduzida Noturna + Adic. Noturno]*[Descanso Semanal Remunerado] (20%) | H52: =I52/$I$55 -> 0.017504597 | I52: =(I46+I49)*0.2 -> 58.36743
A53: =A52+1 -> 17 | B53: Adicional Troca de Uniforme | H53: =I53/$I$55 -> 0.010490624 | I53: =I12*I13 -> 34.98
A54: =A53+1 -> 18 | B54: Integração RSF (20% sobre Ad.Troca de Uniforme) | H54: =I54/$I$55 -> 0.0020981249 | I54: =I53*20% -> 6.996
A55: Total de Remuneração | H55: =SUM(H37:H54) -> 1 | I55: =SUM(I37:I54) -> 3334.4059
A57: II | B57: Encargos Sociais - Grupo II: Obrigações Sociais | H57: % | I57: Valor Mensal/unidade de serviço (R$)
A58: 1 | B58: INSS (art. 22, inc. I, Lei nº 8.212/91) | H58: 0.2 | I58: =$I$55*H58 -> 666.88118
A59: 2 | B59: SESI ou SESC (art. 30, Lei nº 8.036/90) | H59: 0.015 | I59: =$I$55*H59 -> 50.016088
A60: 3 | B60: SENAI ou SENAC (Decreto-Lei nº 2.318/86) | H60: 0.01 | I60: =$I$55*H60 -> 33.344059
A61: 4 | B61: INCRA (art. 15I, Lei Complementar nº 011/71) | H61: 0.002 | I61: =$I$55*H61 -> 6.6688118
A62: 5 | B62: SALÁRIO EDUCAÇÃO (art. , inc. I, Decreto nº 87.043/82) | H62: 0.025 | I62: =$I$55*H62 -> 83.360147
A63: 6 | B63: FGTS (art. 15, Lei nº 8.036/90) | H63: 0.08 | I63: =$I$55*H63 -> 266.75247
A64: 7 | B64: SEG. ACIDENTE DO TRABALHO 1%, 2% e 3% (art. 22, inc. II, alíneas "b" e "c", da Lei nº 8.212/91) | H64: 0.03 | I64: =$I$55*H64 -> 100.03218
A65: 8 | B65: SEBRAE (§ 3º, art. 8º, Lei nº 8.029/90) | H65: 0.006 | I65: =$I$55*H65 -> 20.006435
A66: Total do Grupo II | H66: =SUM(H58:H65) -> 0.368 | I66: =SUM(I58:I65) -> 1227.0614
A67: Os percentuais para o SAT podem variar de 0,50% a 6,00% em função do Fator de Acidente Previdenciário (FAP), Decreto nº 6.957/2009
A68: Deverá obrigatoriamente acompanhar a proposta de preços e a planilha de custos e formação de preços a prova do Fator Acidentário de Prevenção – FAP por meio de impressão de consulta ao site do Ministério da Previdência Social (que pode ser obtido no endereço eletrônico http://www2.dataprev.gov.br/fap/fap.htm), independentemente de alteração da alíquota da parcela do Seguro Acidente de Trabalho disposta no Quadro II da referida planilha.
A69: III | B69: Encargos Sociais - Grupo III: Tempo Não Trabalhado | H69: % | I69: Valor Mensal/unidade de serviço (R$)
A70: 1 | B70: FÉRIAS GOZADAS + ADICIONAL DE FÉRIAS | H70: 0.119314 | I70: =$I$55*H70 -> 397.84131
A71: 2 | B71: FALTAS ABONADAS (3) | H71: 0.020479 | I71: =$I$55*H71 -> 68.285298
A72: 3 | B72: FALTAS LEGAIS (4) | H72: 0.012123 | I72: =$I$55*H72 -> 40.423003
A73: 4 | B73: LICENÇA MATERNIDADE | H73: 0.011436 | I73: =$I$55*H73 -> 38.132266
A74: 5 | B74: LICENÇA PATERNIDADE | H74: 0.000174 | I74: =$I$55*H74 -> 0.58018663
A75: 6 | B75: ACIDENTE DE TRABALHO | H75: 0.000442 | I75: =$I$55*H75 -> 1.4738074
A76: 7 | B76: AVISO PRÉVIO TRABALHADO | H76: 0.000185 | I76: =$I$55*H76 -> 0.61686509
A77: 8 | B77: 13º SALÁRIO | H77: 0.09079 | I77: =$I$55*H77 -> 302.73071
A78: Total do Grupo III | H78: =SUM(H70:H77) -> 0.254943 | I78: =SUM(I70:I77) -> 850.08344
A79: (3) | B79: Faltas Justificadas por Auxílio Doença
A80: (4) | B80: Faltas Legais - Art. 473 CLT
A81: IV | B81: Encargos Sociais - Grupo IV: Indenizações | H81: % | I81: Valor Mensal/unidade de serviço (R$)
A82: 1 | B82: INDENIZAÇÕES | H82: 0.048321 | I82: =$I$55*H82 -> 161.12183
A83: 2 | B83: FGTS SOBRE INDENIZAÇÕES | H83: 0.003511 | I83: =$I$55*H83 -> 11.707099
A84: 3 | B84: INDENIZAÇÃO COMPENSATÓRIA POR DEMISSÃO SEM JUSTA CAUSA | H84: 0.019328 | I84: =$I$55*H84 -> 64.447397
A85: Total do Grupo IV | H85: =SUM(H82:H84) -> 0.07116 | I85: =SUM(I82:I84) -> 237.27632
A87: V | B87: Encargos Sociais - Grupo V: Incidências | H87: % | I87: Valor Mensal/unidade de serviço (R$)
A88: 1 | B88: INCIDÊNCIA GRUPO II (Obrigações Sociais) X GRUPO III (Tempo Não Trabalhado) | H88: =(H66*H78) -> 0.093819024 | I88: =$I$55*H88 -> 312.83071
A89: Total do Grupo V | H89: =SUM(H88:H88) -> 0.093819024 | I89: =I88 -> 312.83071
A91: TOTAL DOS ENCARGOS SOCIAIS (II + III + IV + V) | H91: =H66+H78+H85+H89 -> 0.78792202 | I91: =I66+I78+I85+I89 -> 2627.2518
A93: VI | B93: Demais custos relativos à Norma Coletiva ou Disposições Legais - Grupo VI | H93: % | I93: Valor Mensal/unidade de serviço (R$)
A94: 1 | B94: Auxílio Alimentação | H94: =I94/$I$55 -> 0.15834905 | I94: =I111 -> 528
A95: 2 | B95: Auxílio Lanche | H95: =I95/$I$55 -> 0 | I95: =I107 -> 0
A96: 3 | B96: Vale-Transporte⁽⁵⁾ | H96: =I96/$I$55 -> 0.032052486 | I96: =I103 -> 106.876
A97: 4 | B97: Adicional Intervalar | H97: =I97/$I$55 -> 0 | I97: =IF(I28="Não aplicável",0,((I10/H10)*1.5*I28)) -> 0
A98: 5 | B98: Outros | H98: =I98/$I$55 -> 0 | I98: =IF(I23="Não aplicável",0,I23) -> 0
A99: Total do Grupo VI | H99: =SUM(H94:H98) -> 0.19040153 | I99: =SUM(I94:I98) -> 634.876
A101: MEMÓRIA DE CÁLCULO DO VALE TRANSPORTE
A102: Valor Unitário | C102: Dias de Trabalho | D102: Vale p/dia | E102: Custo total | F102: Base de cálculo | G102: Percentual de desconto | H102: Valor desconto | I102: Custo efetivo
A103: =IF(I14="Não aplicável",0,I14) -> 5.3 | C103: =IF(I15="Não aplicável",0,I15) -> 22 | D103: 2 | E103: =A103*C103*D103 -> 233.2 | F103: =I37 -> 2105.4 | G103: =IF(I16="Não aplicável",0,I16) -> 0.06 | H103: =F103*G103 -> 126.324 | I103: =IF((E103-H103)>0,E103-H103,0) -> 106.876
A105: MEMÓRIA DE CÁLCULO DO VALE LANCHE
A106: Valor Unitário | C106: Dias por mês | D106: Vale p/dia | E106: Custo total | F106: Base de cálculo | G106: Percentual de desconto | H106: Valor desconto | I106: Custo efetivo
A107: =IF(I20="Não aplicável",0,I20) -> 0 | C107: =IF(I21="Não aplicável",0,I21) -> 0 | D107: 1 | E107: =A107*C107*D107 -> 0 | F107: =E107 -> 0 | G107: =IF(I22="Não aplicável",0,I22) -> 0 | H107: =F107*G107 -> 0 | I107: =E107-H107 -> 0
A109: MEMÓRIA DE CÁLCULO DO VALE ALIMENTAÇÃO
...

Sheet Vigilante 4h 
A1: PLANILHA DE CUSTOS E FORMAÇÃO DE PREÇOS DE SERVIÇOS CONTINUADOS COM DEDICAÇÃO EXCLUSIVA DE MÃO DE OBRA (ANEXO III - DECRETOS 52.768 de 15.12.2015)
A2: PROCESSO: | C2: 24/1440-0005564-5 | E2: REGIME DE TRIBUTAÇÃO: LUCRO REAL e PRESUMIDO (*)
A3: LICITAÇÃO/EDITAL | E3: ABERTURA:
A5: Cargo/Função: | D5: Vigilante 04h | G5: =IF(D6="12x36","Regime de trabalho:","Quantidade de HORAS/MÊS") -> Quantidade de HORAS/MÊS | I5: =IF(D6="12x36",D6,5*D6) -> 100
A6: =IF(D6="12x36","Regime de trabalho:","Regime de trabalho (horas semanais):") -> Regime de trabalho (horas semanais): | D6: 20
A7: Convenção Coletiva de Trabalho: | D7: RS000837/2025 | G7: INSALUBRIDADE (10%, 20%, 40%) | I7: Não aplicável
A8: Origem do salário: | D8: CCT
A9: Cidade: | D9: Porto Alegre | G9: PERICULOSIDADE (30%) | I9: 0.3
A10: Salário Normativo | G10: Vlr. do salário e nº de horas correspondentes | H10: 220 | I10: 2105.4
A11: ISS | H11: Alíquota | I11: 0.025
A12: Adicional Troca de Uniforme (somente para postos de vigilantes que preveem pagamento para troca de uniforme na CCT) | G12: CCT | H12: Valor | I12: 1.59
A13: Quantidade de dias trabalhados no mês | I13: 22
A14: Tarifa Transporte | G14: CCT | H14: Vr. Unitário | I14: 5.3
H15: Dias | I15: =I13 -> 22
H16: Desconto | I16: 0.06
A17: Auxílio Alimentação | G17: CCT | H17: Vr. Unitário | I17: Não aplicável
H18: Dias | I18: Não aplicável
H19: Desconto | I19: Não aplicável
A20: Auxílio Lanche | G20: CCT | H20: Vr. Unitário | I20: Não aplicável
H21: Dias | I21: Não aplicável
H22: Desconto | I22: Não aplicável
A23: Outros benefícios que refletem na planilha de custos, caso constem na CCT | G23: CCT | H23: Valor mensal | I23: Não aplicável
A24: Adicional de Supervisor (37%) | H24: Porcentagem | I24: Não aplicável
A25: Base de cálculo da insalubridade | H25: Valor | I25: Não aplicável
A26: Quantitativo de horas trabalhadas em feriados no mês (estimado) - Não aplicável para postos 12x36 | H26: Horas por mês | I26: Não aplicável
H27: Acréscimo da hora extra | I27: Não aplicável
A28: Hora Intervalar | H28: Horas por mês | I28: Não aplicável
A29: Sem fornecimento de materiais ou apenas fornecimento de EPIs ou uniformes, utilizar 10%. Com fornecimento de materiais ou equipamentos, utilizar 20%. (Decreto 52.768/2015, alterado pelo Decreto 53.424/2017) | H29: Porcentagem | I29: 0.2
A35: MONTANTE A
A36: I | B36: Remuneração - Grupo I | H36: % | I36: Valor Mensal/unidade de serviço (R$)
A37: 1 | B37: Salário | H37: =I37/$I$48 -> 0.73690844 | I37: =IF(D6="12x36",I10,I10/H10*I5) -> 957
A38: =A37+1 -> 2 | B38: Adicional Periculosidade 30% | H38: =I38/$I$48 -> 0.23076923 | I38: =IF(I9=30%,(I37+I45+I46)*I9,0) -> 299.6928
A39: =A38+1 -> 3 | B39: Adicional Insalubridade 10% (Ver súmula 228 e 139 TST) | H39: =I39/$I$48 -> 0 | I39: =IF(I7=10%,I25*I7,0) -> 0
A40: =A39+1 -> 4 | B40: Adicional Insalubridade 20% (Ver súmula 228 e 139 TST) | H40: =I40/$I$48 -> 0 | I40: =IF(I7=20%,I25*I7,0) -> 0
A41: =A40+1 -> 5 | B41: Adicional Insalubridade 40% (Ver súmula 228 e 139 TST) | H41: =I41/$I$48 -> 0 | I41: =IF(I7=40%,I25*I7,0) -> 0
A42: =A41+1 -> 6 | B42: Adicional de Supervisor (IN 05/2017 MPOG SLTI) | H42: =I42/$I$48 -> 0 | I42: =IF(I24="Não aplicável",0,I37*I24) -> 0
A43: =A42+1 -> 7 | B43: Feriados | H43: =I43/$I$48 -> 0 | I43: =IF(I26="Não aplicável",0,(I37+I38+I39+I40+I41+I42+I47)/I5*I26*(1+I27)) -> 0
A44: =A43+1 -> 8 | B44: DSR = número total das horas extras do mês / número de dias úteis X domingos e feriados do mês X valor da hora extra com acréscimo | H44: =I44/$I$48 -> 0 | I44: =IF(I26="Não aplicável",0,I26/I13*5*(I10/H10*(1+I27))) -> 0
A45: =A44+1 -> 9 | B45: Adicional Troca de Uniforme | H45: =I45/$I$48 -> 0.026935274 | I45: =I12*I13 -> 34.98
A46: =A45+1 -> 10 | B46: Integração RSF (20% sobre Ad.Troca de Uniforme - somente para vigilantes) | H46: =I46/$I$48 -> 0.0053870548 | I46: =I45*20% -> 6.996
A47: =A46+1 -> 11 | B47: =IF(D6="12x36","Para postos 12x36 os feriados são considerados compensados, conforme parágrafo único, Art. 59-A da CLT","Outros") -> Outros | H47: =I47/$I$48 -> 0 | I47: 0
A48: Total de Remuneração | H48: =SUM(H37:H47) -> 1 | I48: =SUM(I37:I47) -> 1298.6688
A57: II | B57: Encargos Sociais - Grupo II: Obrigações Sociais | H57: % | I57: Valor Mensal/unidade de serviço (R$)
A58: 1 | B58: INSS (art. 22, inc. I, Lei nº 8.212/91) | H58: 0.2 | I58: =$I$48*H58 -> 259.73376
A59: 2 | B59: SESI ou SESC (art. 30, Lei nº 8.036/90) | H59: 0.015 | I59: =$I$48*H59 -> 19.480032
A60: 3 | B60: SENAI ou SENAC (Decreto-Lei nº 2.318/86) | H60: 0.01 | I60: =$I$48*H60 -> 12.986688
A61: 4 | B61: INCRA (art. 15I, Lei Complementar nº 011/71) | H61: 0.002 | I61: =$I$48*H61 -> 2.5973376
A62: 5 | B62: SALÁRIO EDUCAÇÃO (art. , inc. I, Decreto nº 87.043/82) | H62: 0.025 | I62: =$I$48*H62 -> 32.46672
A63: 6 | B63: FGTS (art. 15, Lei nº 8.036/90) | H63: 0.08 | I63: =$I$48*H63 -> 103.8935
A64: 7 | B64: SEG. ACIDENTE DO TRABALHO 1%, 2% e 3% (art. 22, inc. II, alíneas "b" e "c", da Lei nº 8.212/91) | H64: 0.03 | I64: =$I$48*H64 -> 38.960064
A65: 8 | B65: SEBRAE (§ 3º, art. 8º, Lei nº 8.029/90) | H65: 0.006 | I65: =$I$48*H65 -> 7.7920128
A66: Total do Grupo II | H66: =SUM(H58:H65) -> 0.368 | I66: =SUM(I58:I65) -> 477.91012
A67: Os percentuais para o SAT podem variar de 0,50% a 6,00% em função do Fator de Acidente Previdenciário (FAP), Decreto nº 6.957/2009
A68: Deverá obrigatoriamente acompanhar a proposta de preços e a planilha de custos e formação de preços a prova do Fator Acidentário de Prevenção – FAP por meio de impressão de consulta ao site do Ministério da Previdência Social (que pode ser obtido no endereço eletrônico http://www2.dataprev.gov.br/fap/fap.htm), independentemente de alteração da alíquota da parcela do Seguro Acidente de Trabalho disposta no Quadro II da referida planilha.
A69: III | B69: Encargos Sociais - Grupo III: Tempo Não Trabalhado | H69: % | I69: Valor Mensal/unidade de serviço (R$)
A70: 1 | B70: FÉRIAS GOZADAS + ADICIONAL DE FÉRIAS | H70: 0.119314 | I70: =$I$48*H70 -> 154.94937
A71: 2 | B71: FALTAS ABONADAS (3) | H71: 0.020485 | I71: =$I$48*H71 -> 26.60323
A72: 3 | B72: FALTAS LEGAIS (4) | H72: 0.012127 | I72: =$I$48*H72 -> 15.748957
A73: 4 | B73: LICENÇA MATERNIDADE | H73: 0.0027250794 | I73: =$I$48*H73 -> 3.5389756
A74: 5 | B74: LICENÇA PATERNIDADE | H74: 0.000476 | I74: =$I$48*H74 -> 0.61816635
A75: 6 | B75: ACIDENTE DE TRABALHO | H75: 0.000442 | I75: =$I$48*H75 -> 0.57401161
A76: 7 | B76: AVISO PRÉVIO TRABALHADO | H76: 0.000185 | I76: =$I$48*H76 -> 0.24025373
A77: 8 | B77: 13º SALÁRIO | H77: 0.09079 | I77: =$I$48*H77 -> 117.90614
A78: Total do Grupo III | H78: =SUM(H70:H77) -> 0.24654408 | I78: =SUM(I70:I77) -> 320.1791
A79: (3) | B79: Faltas Justificadas por Auxílio Doença
A80: (4) | B80: Faltas Legais - Art. 473 CLT
A81: IV | B81: Encargos Sociais - Grupo IV: Indenizações | H81: % | I81: Valor Mensal/unidade de serviço (R$)
A82: 1 | B82: INDENIZAÇÕES | H82: 0.048321 | I82: =$I$48*H82 -> 62.752975
A83: 2 | B83: FGTS SOBRE INDENIZAÇÕES | H83: 0.003511 | I83: =$I$48*H83 -> 4.5596262
A84: 3 | B84: INDENIZAÇÃO COMPENSATÓRIA POR DEMISSÃO SEM JUSTA CAUSA | H84: 0.019328 | I84: =$I$48*H84 -> 25.100671
A85: Total do Grupo IV | H85: =SUM(H82:H84) -> 0.07116 | I85: =SUM(I82:I84) -> 92.413272
A87: V | B87: Encargos Sociais - Grupo V: Incidências | H87: % | I87: Valor Mensal/unidade de serviço (R$)
A88: 1 | B88: INCIDÊNCIA GRUPO II (Obrigações Sociais) X GRUPO III (Tempo Não Trabalhado) | H88: =(H66*H78) -> 0.090728221 | I88: =$I$48*H88 -> 117.82591
A89: Total do Grupo V | H89: =SUM(H88:H88) -> 0.090728221 | I89: =I88 -> 117.82591
A91: TOTAL DOS ENCARGOS SOCIAIS (II + III + IV + V) | H91: =H66+H78+H85+H89 -> 0.7764323 | I91: =I66+I78+I85+I89 -> 1008.3284
A93: VI | B93: Demais custos relativos à Norma Coletiva ou Disposições Legais - Grupo VI | H93: % | I93: Valor Mensal/unidade de serviço (R$)
A94: 1 | B94: Auxílio Alimentação | H94: =I94/$I$48 -> 0 | I94: =I111 -> 0
A95: 2 | B95: Auxílio Lanche | H95: =I95/$I$48 -> 0 | I95: =I107 -> 0
A96: 3 | B96: Vale-Transporte⁽⁵⁾ | H96: =I96/$I$48 -> 0.13535399 | I96: =I103 -> 175.78
A97: 4 | B97: Adicional Intervalar | H97: =I97/$I$48 -> 0 | I97: =IF(I28="Não aplicável",0,((I10/H10)*1.5*I28)) -> 0
A98: 5 | B98: Outros | H98: =I98/$I$48 -> 0 | I98: =IF(I23="Não aplicável",0,I23) -> 0
A99: Total do Grupo VI | H99: =SUM(H94:H98) -> 0.13535399 | I99: =SUM(I94:I98) -> 175.78
A100: (5) | B100: O valor do vale-transporte pode variar de acordo com o modal fornecido pelo empregador.
A101: MEMÓRIA DE CÁLCULO DO VALE TRANSPORTE
A102: Valor Unitário | C102: Dias de Trabalho | D102: Vale p/dia | E102: Custo total | F102: Base de cálculo | G102: Percentual de desconto | H102: Valor desconto | I102: Custo efetivo
A103: =IF(I14="Não aplicável",0,I14) -> 5.3 | C103: =IF(I15="Não aplicável",0,I15) -> 22 | D103: 2 | E103: =A103*C103*D103 -> 233.2 | F103: =I37 -> 957 | G103: =IF(I16="Não aplicável",0,I16) -> 0.06 | H103: =F103*G103 -> 57.42 | I103: =IF((E103-H103)>0,E103-H103,0) -> 175.78
A105: MEMÓRIA DE CÁLCULO DO VALE LANCHE
A106: Valor Unitário | C106: Dias por mês | D106: Vale p/dia | E106: Custo total | F106: Base de cálculo | G106: Percentual de desconto | H106: Valor desconto | I106: Custo efetivo
A107: =IF(I20="Não aplicável",0,I20) -> 0 | C107: =IF(I21="Não aplicável",0,I21) -> 0 | D107: 1 | E107: =A107*C107*D107 -> 0 | F107: =E107 -> 0 | G107: =IF(I22="Não aplicável",0,I22) -> 0 | H107: =F107*G107 -> 0 | I107: =E107-H107 -> 0
A109: MEMÓRIA DE CÁLCULO DO VALE ALIMENTAÇÃO
A110: Valor Unitário | C110: Dias por mês | D110: Vale p/dia | E110: Custo total | F110: Base de cálculo | G110: Percentual de desconto | H110: =H102 -> Valor desconto | I110: Custo efetivo
A111: =IF(I17="Não aplicável",0,I17) -> 0 | C111: =IF(I18="Não aplicável",0,I18) -> 0 | D111: 1 | E111: =A111*C111*D111 -> 0 | F111: =E111 -> 0 | G111: =IF(I19="Não aplicável",0,I19) -> 0 | H111: =F111*G111 -> 0 | I111: =E111-H111 -> 0
A113: TOTAL DO MONTANTE A (I + II + III+ IV + V +VI) | H113: =H48+H91+H99 -> 1.9117863 | I113: =I48+I91+I99 -> 2482.7772
A115: MONTANTE B
A116: I | B116: Despesas Diretas | H116: % | I116: Valor Mensal/unidade de serviço (R$)
A117: 1 | B117: Transporte (6) | H117: =I117/$I$129 -> 0 | I117: 0
A118: 2 | B118: Uniformes/EPI (6a) | H118: =I118/$I$129 -> 0 | I118: =IF(F127=10%,G127,0) -> 0
A119: 3 | B119: Seguro de vida | H119: =I119/$I$129 -> 0 | I119: 0
A120: 4 | B120: Materiais/Equipamentos (7) | H120: =I120/$I$129 -> 0 | I120: 0
A121: 5 | B121: Depreciação de equipamentos (8) | H121: =I121/$I$129 -> 0 | I121: 0
...

Sheet Vigilante 8h
A1: PLANILHA DE CUSTOS E FORMAÇÃO DE PREÇOS DE SERVIÇOS CONTINUADOS COM DEDICAÇÃO EXCLUSIVA DE MÃO DE OBRA (ANEXO III - DECRETOS 52.768 de 15.12.2015)
A2: PROCESSO: | C2: 24/1440-0005564-5 | E2: REGIME DE TRIBUTAÇÃO: LUCRO REAL e PRESUMIDO (*)
A3: LICITAÇÃO/EDITAL | E3: ABERTURA:
A5: Cargo/Função: | D5: Vigilante 08h | G5: =IF(D6="12x36","Regime de trabalho:","Quantidade de HORAS/MÊS") -> Quantidade de HORAS/MÊS | I5: =IF(D6="12x36",D6,5*D6) -> 200
A6: =IF(D6="12x36","Regime de trabalho:","Regime de trabalho (horas semanais):") -> Regime de trabalho (horas semanais): | D6: 40
A7: Convenção Coletiva de Trabalho: | D7: RS000837/2025 | G7: INSALUBRIDADE (10%, 20%, 40%) | I7: Não aplicável
A8: Origem do salário: | D8: CCT
A9: Cidade: | D9: Porto Alegre | G9: PERICULOSIDADE (30%) | I9: 0.3
A10: Salário Normativo | G10: Vlr. do salário e nº de horas correspondentes | H10: 220 | I10: 2105.4
A11: ISS | H11: Alíquota | I11: 0.025
A12: Adicional Troca de Uniforme (somente para postos de vigilantes que preveem pagamento para troca de uniforme na CCT) | G12: CCT | H12: Valor | I12: 1.59
A13: Quantidade de dias trabalhados no mês | I13: 22
A14: Tarifa Transporte | G14: CCT | H14: Vr. Unitário | I14: 5.3
H15: Dias | I15: =I13 -> 22
H16: Desconto | I16: 0.06
A17: Auxílio Alimentação | G17: CCT | H17: Vr. Unitário | I17: 30
H18: Dias | I18: =I13 -> 22
H19: Desconto | I19: 0.2
A20: Auxílio Lanche | G20: CCT | H20: Vr. Unitário | I20: Não aplicável
H21: Dias | I21: Não aplicável
H22: Desconto | I22: Não aplicável
A23: Outros benefícios que refletem na planilha de custos, caso constem na CCT | G23: CCT | H23: Valor mensal | I23: Não aplicável
A24: Adicional de Supervisor (37%) | H24: Porcentagem | I24: Não aplicável
A25: Base de cálculo da insalubridade | H25: Valor | I25: Não aplicável
A26: Quantitativo de horas trabalhadas em feriados no mês (estimado) - Não aplicável para postos 12x36 | H26: Horas por mês | I26: Não aplicável
H27: Acréscimo da hora extra | I27: Não aplicável
A28: Hora Intervalar | H28: Horas por mês | I28: Não aplicável
A29: Sem fornecimento de materiais ou apenas fornecimento de EPIs ou uniformes, utilizar 10%. Com fornecimento de materiais ou equipamentos, utilizar 20%. (Decreto 52.768/2015, alterado pelo Decreto 53.424/2017) | H29: Porcentagem | I29: 0.2
A35: MONTANTE A
A36: I | B36: Remuneração - Grupo I | H36: % | I36: Valor Mensal/unidade de serviço (R$)
A37: 1 | B37: Salário | H37: =I37/$I$48 -> 0.75272278 | I37: =IF(D6="12x36",I10,I10/H10*I5) -> 1914
A38: =A37+1 -> 2 | B38: Adicional Periculosidade 30% | H38: =I38/$I$48 -> 0.23076923 | I38: =IF(I9=30%,(I37+I45+I46)*I9,0) -> 586.7928
A39: =A38+1 -> 3 | B39: Adicional Insalubridade 10% (Ver súmula 228 e 139 TST) | H39: =I39/$I$48 -> 0 | I39: =IF(I7=10%,I25*I7,0) -> 0
A40: =A39+1 -> 4 | B40: Adicional Insalubridade 20% (Ver súmula 228 e 139 TST) | H40: =I40/$I$48 -> 0 | I40: =IF(I7=20%,I25*I7,0) -> 0
A41: =A40+1 -> 5 | B41: Adicional Insalubridade 40% (Ver súmula 228 e 139 TST) | H41: =I41/$I$48 -> 0 | I41: =IF(I7=40%,I25*I7,0) -> 0
A42: =A41+1 -> 6 | B42: Adicional de Supervisor (IN 05/2017 MPOG SLTI) | H42: =I42/$I$48 -> 0 | I42: =IF(I24="Não aplicável",0,I37*I24) -> 0
A43: =A42+1 -> 7 | B43: Feriados | H43: =I43/$I$48 -> 0 | I43: =IF(I26="Não aplicável",0,(I37+I38+I39+I40+I41+I42+I47)/I5*I26*(1+I27)) -> 0
A44: =A43+1 -> 8 | B44: DSR = número total das horas extras do mês / número de dias úteis X domingos e feriados do mês X valor da hora extra com acréscimo | H44: =I44/$I$48 -> 0 | I44: =IF(I26="Não aplicável",0,I26/I13*5*(I10/H10*(1+I27))) -> 0
A45: =A44+1 -> 9 | B45: Adicional Troca de Uniforme | H45: =I45/$I$48 -> 0.013756658 | I45: =I12*I13 -> 34.98
A46: =A45+1 -> 10 | B46: Integração RSF (20% sobre Ad.Troca de Uniforme - somente para vigilantes) | H46: =I46/$I$48 -> 0.0027513315 | I46: =I45*20% -> 6.996
A47: =A46+1 -> 11 | B47: =IF(D6="12x36","Para postos 12x36 os feriados são considerados compensados, conforme parágrafo único, Art. 59-A da CLT","Outros") -> Outros | H47: =I47/$I$48 -> 0 | I47: 0
A48: Total de Remuneração | H48: =SUM(H37:H47) -> 1 | I48: =SUM(I37:I47) -> 2542.7688
A57: II | B57: Encargos Sociais - Grupo II: Obrigações Sociais | H57: % | I57: Valor Mensal/unidade de serviço (R$)
A58: 1 | B58: INSS (art. 22, inc. I, Lei nº 8.212/91) | H58: 0.2 | I58: =$I$48*H58 -> 508.55376
A59: 2 | B59: SESI ou SESC (art. 30, Lei nº 8.036/90) | H59: 0.015 | I59: =$I$48*H59 -> 38.141532
A60: 3 | B60: SENAI ou SENAC (Decreto-Lei nº 2.318/86) | H60: 0.01 | I60: =$I$48*H60 -> 25.427688
A61: 4 | B61: INCRA (art. 15I, Lei Complementar nº 011/71) | H61: 0.002 | I61: =$I$48*H61 -> 5.0855376
A62: 5 | B62: SALÁRIO EDUCAÇÃO (art. , inc. I, Decreto nº 87.043/82) | H62: 0.025 | I62: =$I$48*H62 -> 63.56922
A63: 6 | B63: FGTS (art. 15, Lei nº 8.036/90) | H63: 0.08 | I63: =$I$48*H63 -> 203.4215
A64: 7 | B64: SEG. ACIDENTE DO TRABALHO 1%, 2% e 3% (art. 22, inc. II, alíneas "b" e "c", da Lei nº 8.212/91) | H64: 0.03 | I64: =$I$48*H64 -> 76.283064
A65: 8 | B65: SEBRAE (§ 3º, art. 8º, Lei nº 8.029/90) | H65: 0.006 | I65: =$I$48*H65 -> 15.256613
A66: Total do Grupo II | H66: =SUM(H58:H65) -> 0.368 | I66: =SUM(I58:I65) -> 935.73892
A67: Os percentuais para o SAT podem variar de 0,50% a 6,00% em função do Fator de Acidente Previdenciário (FAP), Decreto nº 6.957/2009
A68: Deverá obrigatoriamente acompanhar a proposta de preços e a planilha de custos e formação de preços a prova do Fator Acidentário de Prevenção – FAP por meio de impressão de consulta ao site do Ministério da Previdência Social (que pode ser obtido no endereço eletrônico http://www2.dataprev.gov.br/fap/fap.htm), independentemente de alteração da alíquota da parcela do Seguro Acidente de Trabalho disposta no Quadro II da referida planilha.
A69: III | B69: Encargos Sociais - Grupo III: Tempo Não Trabalhado | H69: % | I69: Valor Mensal/unidade de serviço (R$)
A70: 1 | B70: FÉRIAS GOZADAS + ADICIONAL DE FÉRIAS | H70: 0.119314 | I70: =$I$48*H70 -> 303.38792
A71: 2 | B71: FALTAS ABONADAS (3) | H71: 0.020485 | I71: =$I$48*H71 -> 52.088619
A72: 3 | B72: FALTAS LEGAIS (4) | H72: 0.012127 | I72: =$I$48*H72 -> 30.836157
A73: 4 | B73: LICENÇA MATERNIDADE | H73: 0.0027250794 | I73: =$I$48*H73 -> 6.9292468
A74: 5 | B74: LICENÇA PATERNIDADE | H74: 0.000476 | I74: =$I$48*H74 -> 1.2103579
A75: 6 | B75: ACIDENTE DE TRABALHO | H75: 0.000442 | I75: =$I$48*H75 -> 1.1239038
A76: 7 | B76: AVISO PRÉVIO TRABALHADO | H76: 0.000185 | I76: =$I$48*H76 -> 0.47041223
A77: 8 | B77: 13º SALÁRIO | H77: 0.09079 | I77: =$I$48*H77 -> 230.85798
A78: Total do Grupo III | H78: =SUM(H70:H77) -> 0.24654408 | I78: =SUM(I70:I77) -> 626.90459
A79: (3) | B79: Faltas Justificadas por Auxílio Doença
A80: (4) | B80: Faltas Legais - Art. 473 CLT
A81: IV | B81: Encargos Sociais - Grupo IV: Indenizações | H81: % | I81: Valor Mensal/unidade de serviço (R$)
A82: 1 | B82: INDENIZAÇÕES | H82: 0.048321 | I82: =$I$48*H82 -> 122.86913
A83: 2 | B83: FGTS SOBRE INDENIZAÇÕES | H83: 0.003511 | I83: =$I$48*H83 -> 8.9276613
A84: 3 | B84: INDENIZAÇÃO COMPENSATÓRIA POR DEMISSÃO SEM JUSTA CAUSA | H84: 0.019328 | I84: =$I$48*H84 -> 49.146635
A85: Total do Grupo IV | H85: =SUM(H82:H84) -> 0.07116 | I85: =SUM(I82:I84) -> 180.94343
A87: V | B87: Encargos Sociais - Grupo V: Incidências | H87: % | I87: Valor Mensal/unidade de serviço (R$)
A88: 1 | B88: INCIDÊNCIA GRUPO II (Obrigações Sociais) X GRUPO III (Tempo Não Trabalhado) | H88: =(H66*H78) -> 0.090728221 | I88: =$I$48*H88 -> 230.70089
A89: Total do Grupo V | H89: =SUM(H88:H88) -> 0.090728221 | I89: =I88 -> 230.70089
A91: TOTAL DOS ENCARGOS SOCIAIS (II + III + IV + V) | H91: =H66+H78+H85+H89 -> 0.7764323 | I91: =I66+I78+I85+I89 -> 1974.2878
A93: VI | B93: Demais custos relativos à Norma Coletiva ou Disposições Legais - Grupo VI | H93: % | I93: Valor Mensal/unidade de serviço (R$)
A94: 1 | B94: Auxílio Alimentação | H94: =I94/$I$48 -> 0.20764766 | I94: =I111 -> 528
A95: 2 | B95: Auxílio Lanche | H95: =I95/$I$48 -> 0 | I95: =I107 -> 0
A96: 3 | B96: Vale-Transporte⁽⁵⁾ | H96: =I96/$I$48 -> 0.046547685 | I96: =I103 -> 118.36
A97: 4 | B97: Adicional Intervalar | H97: =I97/$I$48 -> 0 | I97: =IF(I28="Não aplicável",0,((I10/H10)*1.5*I28)) -> 0
A98: 5 | B98: Outros | H98: =I98/$I$48 -> 0 | I98: =IF(I23="Não aplicável",0,I23) -> 0
A99: Total do Grupo VI | H99: =SUM(H94:H98) -> 0.25419535 | I99: =SUM(I94:I98) -> 646.36
A100: (5) | B100: O valor do vale-transporte pode variar de acordo com o modal fornecido pelo empregador.
A101: MEMÓRIA DE CÁLCULO DO VALE TRANSPORTE
A102: Valor Unitário | C102: Dias de Trabalho | D102: Vale p/dia | E102: Custo total | F102: Base de cálculo | G102: Percentual de desconto | H102: Valor desconto | I102: Custo efetivo
A103: =IF(I14="Não aplicável",0,I14) -> 5.3 | C103: =IF(I15="Não aplicável",0,I15) -> 22 | D103: 2 | E103: =A103*C103*D103 -> 233.2 | F103: =I37 -> 1914 | G103: =IF(I16="Não aplicável",0,I16) -> 0.06 | H103: =F103*G103 -> 114.84 | I103: =IF((E103-H103)>0,E103-H103,0) -> 118.36
A105: MEMÓRIA DE CÁLCULO DO VALE LANCHE
A106: Valor Unitário | C106: Dias por mês | D106: Vale p/dia | E106: Custo total | F106: Base de cálculo | G106: Percentual de desconto | H106: Valor desconto | I106: Custo efetivo
A107: =IF(I20="Não aplicável",0,I20) -> 0 | C107: =IF(I21="Não aplicável",0,I21) -> 0 | D107: 1 | E107: =A107*C107*D107 -> 0 | F107: =E107 -> 0 | G107: =IF(I22="Não aplicável",0,I22) -> 0 | H107: =F107*G107 -> 0 | I107: =E107-H107 -> 0
A109: MEMÓRIA DE CÁLCULO DO VALE ALIMENTAÇÃO
A110: Valor Unitário | C110: Dias por mês | D110: Vale p/dia | E110: Custo total | F110: Base de cálculo | G110: Percentual de desconto | H110: =H102 -> Valor desconto | I110: Custo efetivo
A111: =IF(I17="Não aplicável",0,I17) -> 30 | C111: =IF(I18="Não aplicável",0,I18) -> 22 | D111: 1 | E111: =A111*C111*D111 -> 660 | F111: =E111 -> 660 | G111: =IF(I19="Não aplicável",0,I19) -> 0.2 | H111: =F111*G111 -> 132 | I111: =E111-H111 -> 528
A113: TOTAL DO MONTANTE A (I + II + III+ IV + V +VI) | H113: =H48+H91+H99 -> 2.0306276 | I113: =I48+I91+I99 -> 5163.4166
A115: MONTANTE B
A116: I | B116: Despesas Diretas | H116: % | I116: Valor Mensal/unidade de serviço (R$)
A117: 1 | B117: Transporte (6) | H117: =I117/$I$129 -> 0 | I117: 0
A118: 2 | B118: Uniformes/EPI (6a) | H118: =I118/$I$129 -> 0 | I118: =IF(F127=10%,G127,0) -> 0
A119: 3 | B119: Seguro de vida | H119: =I119/$I$129 -> 0 | I119: 0
A120: 4 | B120: Materiais/Equipamentos (7) | H120: =I120/$I$129 -> 0 | I120: 0
A121: 5 | B121: Depreciação de equipamentos (8) | H121: =I121/$I$129 -> 0 | I121: 0
...

Sheet Supervisor
A1: PLANILHA DE CUSTOS E FORMAÇÃO DE PREÇOS DE SERVIÇOS CONTINUADOS COM DEDICAÇÃO EXCLUSIVA DE MÃO DE OBRA (ANEXO III - DECRETOS 52.768 de 15.12.2015)
A2: PROCESSO: | C2: 24/1440-0005564-5 | E2: REGIME DE TRIBUTAÇÃO: LUCRO REAL e PRESUMIDO (*)
A3: LICITAÇÃO/EDITAL | E3: ABERTURA:
A5: Cargo/Função: | D5: Supervisor | G5: =IF(D6="12x36","Regime de trabalho:","Quantidade de HORAS/MÊS") -> Quantidade de HORAS/MÊS | I5: =IF(D6="12x36",D6,5*D6) -> 200
A6: =IF(D6="12x36","Regime de trabalho:","Regime de trabalho (horas semanais):") -> Regime de trabalho (horas semanais): | D6: 40
A7: Convenção Coletiva de Trabalho: | D7: RS000837/2025 | G7: INSALUBRIDADE (10%, 20%, 40%) | I7: Não aplicável
A8: Origem do salário: | D8: CCT
A9: Cidade: | D9: Porto Alegre | G9: PERICULOSIDADE (30%) | I9: 0.3
A10: Salário Normativo | G10: Vlr. do salário e nº de horas correspondentes | H10: 220 | I10: 2105.4
A11: ISS | H11: Alíquota | I11: 0.025
A12: Adicional Troca de Uniforme (somente para postos de vigilantes que preveem pagamento para troca de uniforme na CCT) | G12: CCT | H12: Valor | I12: 1.59
A13: Quantidade de dias trabalhados no mês | I13: 22
A14: Tarifa Transporte | G14: CCT | H14: Vr. Unitário | I14: 5.3
H15: Dias | I15: =I13 -> 22
H16: Desconto | I16: 0.06
A17: Auxílio Alimentação | G17: CCT | H17: Vr. Unitário | I17: 30
H18: Dias | I18: =I13 -> 22
H19: Desconto | I19: 0.2
A20: Auxílio Lanche | G20: CCT | H20: Vr. Unitário | I20: Não aplicável
H21: Dias | I21: =I13 -> 22
H22: Desconto | I22: Não aplicável
A23: Outros benefícios que refletem na planilha de custos, caso constem na CCT | G23: CCT | H23: Valor mensal | I23: Não aplicável
A24: Adicional de Supervisor (37%) | H24: Porcentagem | I24: 0.37
A25: Base de cálculo da insalubridade | H25: Valor | I25: Não aplicável
A26: Quantitativo de horas trabalhadas em feriados no mês (estimado) - Não aplicável para postos 12x36 | H26: Horas por mês | I26: Não aplicável
H27: Acréscimo da hora extra | I27: Não aplicável
A28: Hora Intervalar | H28: Horas por mês | I28: Não aplicável
A29: Sem fornecimento de materiais ou apenas fornecimento de EPIs ou uniformes, utilizar 10%. Com fornecimento de materiais ou equipamentos, utilizar 20%. (Decreto 52.768/2015, alterado pelo Decreto 53.424/2017) | H29: Porcentagem | I29: 0.2
A35: MONTANTE A
A36: I | B36: Remuneração - Grupo I | H36: % | I36: Valor Mensal/unidade de serviço (R$)
A37: 1 | B37: Salário | H37: =I37/$I$48 -> 0.5887512 | I37: =IF(D6="12x36",I10,I10/H10*I5) -> 1914
A38: =A37+1 -> 2 | B38: Adicional Periculosidade 30% | H38: =I38/$I$48 -> 0.18049894 | I38: =IF(I9=30%,(I37+I45+I46)*I9,0) -> 586.7928
A39: =A38+1 -> 3 | B39: Adicional Insalubridade 10% (Ver súmula 228 e 139 TST) | H39: =I39/$I$48 -> 0 | I39: =IF(I7=10%,I25*I7,0) -> 0
A40: =A39+1 -> 4 | B40: Adicional Insalubridade 20% (Ver súmula 228 e 139 TST) | H40: =I40/$I$48 -> 0 | I40: =IF(I7=20%,I25*I7,0) -> 0
A41: =A40+1 -> 5 | B41: Adicional Insalubridade 40% (Ver súmula 228 e 139 TST) | H41: =I41/$I$48 -> 0 | I41: =IF(I7=40%,I25*I7,0) -> 0
A42: =A41+1 -> 6 | B42: Adicional de Supervisor (IN 05/2017 MPOG SLTI) | H42: =I42/$I$48 -> 0.21783794 | I42: =IF(I24="Não aplicável",0,I37*I24) -> 708.18
A43: =A42+1 -> 7 | B43: Feriados | H43: =I43/$I$48 -> 0 | I43: =IF(I26="Não aplicável",0,(I37+I38+I39+I40+I41+I42+I47)/I5*I26*(1+I27)) -> 0
A44: =A43+1 -> 8 | B44: DSR = número total das horas extras do mês / número de dias úteis X domingos e feriados do mês X valor da hora extra com acréscimo | H44: =I44/$I$48 -> 0 | I44: =IF(I26="Não aplicável",0,I26/I13*5*(I10/H10*(1+I27))) -> 0
A45: =A44+1 -> 9 | B45: Adicional Troca de Uniforme | H45: =I45/$I$48 -> 0.010759936 | I45: =I12*I13 -> 34.98
A46: =A45+1 -> 10 | B46: Integração RSF (20% sobre Ad.Troca de Uniforme - somente para vigilantes) | H46: =I46/$I$48 -> 0.0021519871 | I46: =I45*20% -> 6.996
A47: =A46+1 -> 11 | B47: =IF(D6="12x36","Para postos 12x36 os feriados são considerados compensados, conforme parágrafo único, Art. 59-A da CLT","Outros") -> Outros | H47: =I47/$I$48 -> 0 | I47: 0
A48: Total de Remuneração | H48: =SUM(H37:H47) -> 1 | I48: =SUM(I37:I47) -> 3250.9488
A57: II | B57: Encargos Sociais - Grupo II: Obrigações Sociais | H57: % | I57: Valor Mensal/unidade de serviço (R$)
A58: 1 | B58: INSS (art. 22, inc. I, Lei nº 8.212/91) | H58: 0.2 | I58: =$I$48*H58 -> 650.18976
A59: 2 | B59: SESI ou SESC (art. 30, Lei nº 8.036/90) | H59: 0.015 | I59: =$I$48*H59 -> 48.764232
A60: 3 | B60: SENAI ou SENAC (Decreto-Lei nº 2.318/86) | H60: 0.01 | I60: =$I$48*H60 -> 32.509488
A61: 4 | B61: INCRA (art. 15I, Lei Complementar nº 011/71) | H61: 0.002 | I61: =$I$48*H61 -> 6.5018976
A62: 5 | B62: SALÁRIO EDUCAÇÃO (art. , inc. I, Decreto nº 87.043/82) | H62: 0.025 | I62: =$I$48*H62 -> 81.27372
A63: 6 | B63: FGTS (art. 15, Lei nº 8.036/90) | H63: 0.08 | I63: =$I$48*H63 -> 260.0759
A64: 7 | B64: SEG. ACIDENTE DO TRABALHO 1%, 2% e 3% (art. 22, inc. II, alíneas "b" e "c", da Lei nº 8.212/91) | H64: 0.03 | I64: =$I$48*H64 -> 97.528464
A65: 8 | B65: SEBRAE (§ 3º, art. 8º, Lei nº 8.029/90) | H65: 0.006 | I65: =$I$48*H65 -> 19.505693
A66: Total do Grupo II | H66: =SUM(H58:H65) -> 0.368 | I66: =SUM(I58:I65) -> 1196.3492
A67: Os percentuais para o SAT podem variar de 0,50% a 6,00% em função do Fator de Acidente Previdenciário (FAP), Decreto nº 6.957/2009
A68: Deverá obrigatoriamente acompanhar a proposta de preços e a planilha de custos e formação de preços a prova do Fator Acidentário de Prevenção – FAP por meio de impressão de consulta ao site do Ministério da Previdência Social (que pode ser obtido no endereço eletrônico http://www2.dataprev.gov.br/fap/fap.htm), independentemente de alteração da alíquota da parcela do Seguro Acidente de Trabalho disposta no Quadro II da referida planilha.
A69: III | B69: Encargos Sociais - Grupo III: Tempo Não Trabalhado | H69: % | I69: Valor Mensal/unidade de serviço (R$)
A70: 1 | B70: FÉRIAS GOZADAS + ADICIONAL DE FÉRIAS | H70: 0.119314 | I70: =$I$48*H70 -> 387.88371
A71: 2 | B71: FALTAS ABONADAS (3) | H71: 0.020485 | I71: =$I$48*H71 -> 66.595686
A72: 3 | B72: FALTAS LEGAIS (4) | H72: 0.012127 | I72: =$I$48*H72 -> 39.424256
A73: 4 | B73: LICENÇA MATERNIDADE | H73: 0.0027250794 | I73: =$I$48*H73 -> 8.8590936
A74: 5 | B74: LICENÇA PATERNIDADE | H74: 0.000476 | I74: =$I$48*H74 -> 1.5474516
A75: 6 | B75: ACIDENTE DE TRABALHO | H75: 0.000442 | I75: =$I$48*H75 -> 1.4369194
A76: 7 | B76: AVISO PRÉVIO TRABALHADO | H76: 0.000185 | I76: =$I$48*H76 -> 0.60142553
A77: 8 | B77: 13º SALÁRIO | H77: 0.09079 | I77: =$I$48*H77 -> 295.15364
A78: Total do Grupo III | H78: =SUM(H70:H77) -> 0.24654408 | I78: =SUM(I70:I77) -> 801.50218
A79: (3) | B79: Faltas Justificadas por Auxílio Doença
A80: (4) | B80: Faltas Legais - Art. 473 CLT
A81: IV | B81: Encargos Sociais - Grupo IV: Indenizações | H81: % | I81: Valor Mensal/unidade de serviço (R$)
A82: 1 | B82: INDENIZAÇÕES | H82: 0.048321 | I82: =$I$48*H82 -> 157.0891
A83: 2 | B83: FGTS SOBRE INDENIZAÇÕES | H83: 0.003511 | I83: =$I$48*H83 -> 11.414081
A84: 3 | B84: INDENIZAÇÃO COMPENSATÓRIA POR DEMISSÃO SEM JUSTA CAUSA | H84: 0.019328 | I84: =$I$48*H84 -> 62.834338
A85: Total do Grupo IV | H85: =SUM(H82:H84) -> 0.07116 | I85: =SUM(I82:I84) -> 231.33752
A87: V | B87: Encargos Sociais - Grupo V: Incidências | H87: % | I87: Valor Mensal/unidade de serviço (R$)
A88: 1 | B88: INCIDÊNCIA GRUPO II (Obrigações Sociais) X GRUPO III (Tempo Não Trabalhado) | H88: =(H66*H78) -> 0.090728221 | I88: =$I$48*H88 -> 294.9528
A89: Total do Grupo V | H89: =SUM(H88:H88) -> 0.090728221 | I89: =I88 -> 294.9528
A91: TOTAL DOS ENCARGOS SOCIAIS (II + III + IV + V) | H91: =H66+H78+H85+H89 -> 0.7764323 | I91: =I66+I78+I85+I89 -> 2524.1417
A93: VI | B93: Demais custos relativos à Norma Coletiva ou Disposições Legais - Grupo VI | H93: % | I93: Valor Mensal/unidade de serviço (R$)
A94: 1 | B94: Auxílio Alimentação | H94: =I94/$I$48 -> 0.16241412 | I94: =I111 -> 528
A95: 2 | B95: Auxílio Lanche | H95: =I95/$I$48 -> 0 | I95: =I107 -> 0
A96: 3 | B96: Vale-Transporte⁽⁵⁾ | H96: =I96/$I$48 -> 0.036407833 | I96: =I103 -> 118.36
A97: 4 | B97: Adicional Intervalar | H97: =I97/$I$48 -> 0 | I97: =IF(I28="Não aplicável",0,((I10/H10)*1.5*I28)) -> 0
A98: 5 | B98: Outros | H98: =I98/$I$48 -> 0 | I98: =IF(I23="Não aplicável",0,I23) -> 0
A99: Total do Grupo VI | H99: =SUM(H94:H98) -> 0.19882196 | I99: =SUM(I94:I98) -> 646.36
A100: (5) | B100: O valor do vale-transporte pode variar de acordo com o modal fornecido pelo empregador.
A101: MEMÓRIA DE CÁLCULO DO VALE TRANSPORTE
A102: Valor Unitário | C102: Dias de Trabalho | D102: Vale p/dia | E102: Custo total | F102: Base de cálculo | G102: Percentual de desconto | H102: Valor desconto | I102: Custo efetivo
A103: =IF(I14="Não aplicável",0,I14) -> 5.3 | C103: =IF(I15="Não aplicável",0,I15) -> 22 | D103: 2 | E103: =A103*C103*D103 -> 233.2 | F103: =I37 -> 1914 | G103: =IF(I16="Não aplicável",0,I16) -> 0.06 | H103: =F103*G103 -> 114.84 | I103: =IF((E103-H103)>0,E103-H103,0) -> 118.36
A105: MEMÓRIA DE CÁLCULO DO VALE LANCHE
A106: Valor Unitário | C106: Dias por mês | D106: Vale p/dia | E106: Custo total | F106: Base de cálculo | G106: Percentual de desconto | H106: Valor desconto | I106: Custo efetivo
A107: =IF(I20="Não aplicável",0,I20) -> 0 | C107: =IF(I21="Não aplicável",0,I21) -> 22 | D107: 1 | E107: =A107*C107*D107 -> 0 | F107: =E107 -> 0 | G107: =IF(I22="Não aplicável",0,I22) -> 0 | H107: =F107*G107 -> 0 | I107: =E107-H107 -> 0
A109: MEMÓRIA DE CÁLCULO DO VALE ALIMENTAÇÃO
A110: Valor Unitário | C110: Dias por mês | D110: Vale p/dia | E110: Custo total | F110: Base de cálculo | G110: Percentual de desconto | H110: =H102 -> Valor desconto | I110: Custo efetivo
A111: =IF(I17="Não aplicável",0,I17) -> 30 | C111: =IF(I18="Não aplicável",0,I18) -> 22 | D111: 1 | E111: =A111*C111*D111 -> 660 | F111: =E111 -> 660 | G111: =IF(I19="Não aplicável",0,I19) -> 0.2 | H111: =F111*G111 -> 132 | I111: =E111-H111 -> 528
A113: TOTAL DO MONTANTE A (I + II + III+ IV + V +VI) | H113: =H48+H91+H99 -> 1.9752543 | I113: =I48+I91+I99 -> 6421.4505
A115: MONTANTE B
A116: I | B116: Despesas Diretas | H116: % | I116: Valor Mensal/unidade de serviço (R$)
A117: 1 | B117: Transporte (6) | H117: =I117/$I$129 -> 0 | I117: 0
A118: 2 | B118: Uniformes/EPI (6a) | H118: =I118/$I$129 -> 0 | I118: =IF(F127=10%,G127,0) -> 0
A119: 3 | B119: Seguro de vida | H119: =I119/$I$129 -> 0 | I119: 0
A120: 4 | B120: Materiais/Equipamentos (7) | H120: =I120/$I$129 -> 0 | I120: 0
A121: 5 | B121: Depreciação de equipamentos (8) | H121: =I121/$I$129 -> 0 | I121: 0
...

Sheet Materiais Equipamentos
A1: ATENÇÃO: SOMENTE PREENCHER QUANDO HOUVER FORNECIMENTO DE MATERIAIS E/OU EQUIPAMENTOS (NÃO INCLUÍDO EPIs E UNIFORMES)
A2: PLANILHA DE MATERIAIS E EQUIPAMENTOS A SER PREENCHIDA PELO LICITANTE COM BASE NO TERMO DE REFERÊNCIA (CGL 7.2 DO EDITAL)
A3: Material/Equipamento (não incluir EPIs e uniformes) | B3: Quantidade | C3: Valor unitário | D3: Valor total
A35: VALOR TOTAL MENSAL DE MATERIAIS/EQUIPAMENTOS: | D35: =SUM(D3:D33) -> 0

Sheet Resumo
A1: Função | B1: Cidade | C1: Carga Horária | D1: Dias da semana | E1: Nº de Postos | F1: Valor unitário mensal de MATERIAL/EQUIPAMENTO | G1: Valor total mensal de MATERIAL/EQUIPAMENTO | H1: Valor unitário mensal de retenção para a CONTA VINCULADA | I1: Valor total mensal de retenção para a CONTA VINCULADA | J1: Valor unitário mensal do posto | K1: Valor total mensal do posto
A2: Vigilante Diurno 12x36 | B2: Porto Alegre | C2: 12x36 | D2: seg-sex | E2: 1 | F2: =OFFSET(INDIRECT(SUBSTITUTE(_xlfn.FORMULATEXT(J2),"=","")), -6, 0) -> 0 | G2: =F2*E2 -> 0 | H2: ='Vigilante 12x36 diurno'!I191 -> 2149.6475 | I2: =H2*E2 -> 2149.6475 | J2: ='Vigilante 12x36 diurno'!I194 -> 11921.033 | K2: =E2*J2 -> 11921.033
A3: Vigilante Noturno 12x36 | B3: Porto Alegre | C3: 12x36 | D3: seg-sex | E3: 1 | F3: =OFFSET(INDIRECT(SUBSTITUTE(_xlfn.FORMULATEXT(J3),"=","")), -6, 0) -> 0 | G3: =F3*E3 -> 0 | H3: ='Vigilante noturno 12x36'!I191 -> 2567.6408 | I3: =H3*E3 -> 2567.6408 | J3: ='Vigilante noturno 12x36'!I194 -> 14057.611 | K3: =E3*J3 -> 14057.611
A4: Vigilante 4h | B4: Porto Alegre | C4: 20 | D4: seg-sex | E4: 2 | F4: =OFFSET(INDIRECT(SUBSTITUTE(_xlfn.FORMULATEXT(J4),"=","")), -6, 0) -> 0 | G4: =F4*E4 -> 0 | H4: ='Vigilante 4h '!I191 -> 500.01636 | I4: =H4*E4 -> 1000.0327 | J4: ='Vigilante 4h '!I194 -> 2645.4738 | K4: =E4*J4 -> 5290.9477
A5: Vigilante Diurno 8h | B5: Porto Alegre | C5: 40 | D5: seg-sex | E5: 4 | F5: =OFFSET(INDIRECT(SUBSTITUTE(_xlfn.FORMULATEXT(J5),"=","")), -6, 0) -> 0 | G5: =F5*E5 -> 0 | H5: ='Vigilante 8h'!I191 -> 979.02252 | I5: =H5*E5 -> 3916.0901 | J5: ='Vigilante 8h'!I194 -> 5501.7758 | K5: =E5*J5 -> 22007.103
A6: Supervisor | B6: Porto Alegre | C6: 40 | D6: seg-sex | E6: 1 | F6: =OFFSET(INDIRECT(SUBSTITUTE(_xlfn.FORMULATEXT(J6),"=","")), -6, 0) -> 0 | G6: =F6*E6 -> 0 | H6: =Supervisor!I191 -> 1251.6876 | I6: =H6*E6 -> 1251.6876 | J6: =Supervisor!I194 -> 6842.2488 | K6: =E6*J6 -> 6842.2488
A8: TOTAL DE POSTOS: | E8: =SUM(E2:E6) -> 9 | F8: VALOR TOTAL MENSAL DE MATERIAIS/EQUIPAMENTOS: | G8: =SUM(G2:G6) -> 0 | H8: VALOR TOTAL MENSAL PARA RETENÇÃO EM CONTA VINCULADA: | I8: =SUM(I2:I6) -> 10885.099 | J8: PORCENTAGEM CORRESPONDENTE EM RELAÇÃO AO VALOR TOTAL PARA RETENÇÃO EM CONTA VINCULADA: | K8: =I8/K10 -> 0.18105938
A10: VALOR GLOBAL MENSAL: | K10: =SUM(K2:K6) -> 60118.943
